 Dungeon Crawl Stone Soup version 0.26-a0-651-gb41185065b (webtiles) character file.

Game seed: 16227952932652055531

84105 Inarius the Severer (level 15, -7/132 HPs)
             Began as a Pale Draconian Chaos Knight on Oct 28, 2020.
             Was a Plaything of Xom.
             Killed from afar by Jorgrun (33 damage)
             ... with a blast of rock fragments
             ... on level 14 of the Dungeon on Oct 29, 2020.
             The game lasted 00:48:29 (26627 turns).

Inarius the Severer (Pale Draconian Chaos Knight)  Turns: 26627, Time: 00:48:30

Health: -7/132     AC: 14    Str: 20    XL:     15   Next: 34%
Magic:  22/22      EV: 14    Int:  7    God:    Xom [...*..]
Gold:   3523       SH: 17    Dex: 12    Spells: 14/14 levels left

rFire    + + +     SeeInvis .   f - +2 war axe (elec)
rCold    + + +     Faith    .   o - +0 kite shield
rNeg     . . .     Spirit   .   (armour unavailable)
rPois    +         Reflect  +   (helmet restricted)
rElec    .         Harm     .   G - scarf {shadows}
rCorr    .         Rampage  .   m - +0 pair of gloves
MR       +++..     Rnd*Rage +   N - +2 pair of boots
Stlth    +.........             E - amulet of reflection
HPRegen  0.32/turn              Y - ring "Ruid" {rPois rF++ rC+++ MP+9 Int-5}
MPRegen  0.18/turn              O - ring of Untruth {rF+ MR+ Stlth-}

@: about to teleport, short of breath, flying
A: breathe steam, unfitting armour, big wings, hooves 2, camouflage 1, berserk
1, fire resistance 1, low mp 1, magic resistance 1, mutation resistance 1, sense
surroundings 1, poison resistance, shaggy fur 1, cold-blooded, AC +9
a: Breathe Steam, Stop Flying, Renounce Religion


You were on level 14 of the Dungeon.
You worshipped Xom.
You were a favourite toy of Xom.
You visited 3 branches of the dungeon, and saw 22 of its levels.
You also visited: Ice Cave.

You collected 5342 gold pieces.
You spent 1819 gold pieces at shops.

Inventory:

Hand Weapons
 f - a +2 war axe of electrocution (weapon)
 X - a +2 eveningstar of draining
Armour
 a - a scarf of resistance
 m - a +0 pair of gloves (worn)
 o - a +0 kite shield (worn)
 G - a scarf of shadows (worn)
 N - a +2 pair of boots (worn)
 W - a +0 cloak
Jewellery
 A - an uncursed amulet of regeneration
 C - the ring of Unuth {EV+4 Dex+6 SInv}
   (You acquired it on level 10 of the Dungeon)

   [ring of evasion]

   It affects your evasion (+4).
   It affects your dexterity (+6).
   It lets you see invisible.
 E - an amulet of reflection (around neck)
 I - an uncursed ring of poison resistance
 M - an uncursed ring of positive energy
 O - the ring of Untruth (right hand) {rF+ MR+ Stlth-}
   (You bought it in a shop on level 11 of the Dungeon)

   [ring of attention]

   It protects you from fire.
   It affects your resistance to hostile enchantments.
   It makes you less stealthy.
 Y - the ring "Ruid" (left hand) {rPois rF++ rC+++ MP+9 Int-5}
   (You bought it in a shop on level 11 of the Dungeon)

   [ring of poison resistance]

   It affects your intelligence (-5).
   It greatly protects you from fire.
   It renders you almost immune to cold.
   It protects you from poison.
   It affects your magic capacity (+9).
Wands
 q - a wand of enslavement (9)
 u - a wand of paralysis (3)
 B - a wand of flame (20)
 F - a wand of iceblast (6)
 U - a wand of polymorph (5)
 Z - a wand of random effects (9)
Scrolls
 b - 9 scrolls of remove curse
 d - 5 scrolls of fear
 g - a scroll of noise
 h - 7 scrolls of teleportation
 j - 3 scrolls of enchant weapon
 k - 5 scrolls of amnesia
 r - 5 scrolls of immolation
 y - 2 scrolls of enchant armour
 H - 3 scrolls of blinking
 L - 2 scrolls of identify
 R - 3 scrolls of magic mapping
 T - a scroll of holy word
Potions
 c - 3 potions of magic
 e - a potion of berserk rage
 i - 3 potions of haste
 l - 7 potions of heal wounds
 n - 3 potions of ambrosia
 p - 11 potions of curing
 s - 2 potions of degeneration
 t - 5 potions of mutation
 w - a potion of might
 x - 2 potions of stabbing
 z - 2 potions of lignification
 J - 2 potions of flight {unknown}
 K - 5 potions of resistance
 V - a potion of brilliance
Miscellaneous
 D - a lightning rod (4/4)
 P - a box of beasts (3/3)
 Q - a condenser vane (inert)
 S - a phial of floods


   Skills:
 + Level 12.0 Fighting
 * Level 18.5 Axes
 - Level 5.8 Dodging
 + Level 11.3 Shields
 + Level 11.7 Evocations


You had 14 spell levels left.
You didn't know any spells.
Your spell library contained the following spells:

 Spells                   Type           Power        Failure   Level
 Animate Skeleton         Necr           #.....       58%         1
 Corona                   Hex            #......      58%         1
 Magic Dart               Conj           #...         58%         1
 Pain                     Necr           #...         58%         1
 Blink                    Tloc           N/A          75%         2
 Call Imp                 Summ           #.......     75%         2
 Ensorcelled Hibernation  Hex/Ice        #.....       75%         2
 Slow                     Hex            #.......     75%         2
 Confusing Touch          Hex            #.......     92%         3
 Conjure Flame            Conj/Fire      #.......     92%         3
 Dazzling Flash           Conj/Hex       #.....       92%         3
 Mephitic Cloud           Conj/Pois/Air  #.......     92%         3
 Tukima's Dance           Hex            #.......     92%         3
 Vampiric Draining        Necr           #.........   92%         3
 Animate Dead             Necr           #.........   100%        4
 Cause Fear               Hex            #.........   100%        4
 Agony                    Necr           #.......     100%        5
 Bolt of Magma            Conj/Fire/Erth #.........   100%        5
 Iskenderun's Battlesphe  Conj           #.......     100%        5
 Silence                  Hex/Air        #.........   100%        5
 Yara's Violent Unravell  Hex/Tmut       #.........   100%        5
 Iron Shot                Conj/Erth      #.........   100%        6
 Orb of Destruction       Conj           #.........   100%        7
 Spellforged Servitor     Conj/Summ      #.........   100%        7
 Discord                  Hex            #.........   100%        8


Dungeon Overview and Level Annotations

Branches:
Dungeon (14/15)            Temple (0/1) D:6            Lair (6/6) D:10
 Shoals (0/4) Lair:4        Snake (0/4) Lair:3        Slime (0/5) Lair:6
    Orc (2/2) D:12            Elf (0/3) Orc:2        Vaults (0/5) D:13
  IceCv (visited)

Altars:
Fedhas
Hepliaklqana
Kikubaaqudgha
Makhleb
Nemelex Xobeh
Qazlal
Sif Muna
Trog
Uskayaw
Vehumet
Wu Jian
Xom
Yredelemnul
Zin
The Shining One
Beogh
Jiyva

Shops:
D:8 }   D:10 }   D:11 =   Orc:2 :[*(

Annotations:
D:13 exclusion: obsidian statue
D:14 Jorgrun


Innate Abilities, Weirdness & Mutations

You can breathe blasts of scalding, opaque steam.
Your pale cyan-grey scales are hard. (AC +9)
You cannot fit into any form of body armour.
You are cold-blooded and may be slowed by cold attacks.
Your large and strong wings let you fly indefinitely.
You have hoof-like feet.
Your skin changes colour to match your surroundings (Stealth+).
You tend to lose your temper in combat.
Your flesh is heat resistant. (rF+)
Your magical capacity is low. (-10% MP)
You are resistant to hostile enchantments. (MR+)
You are somewhat resistant to further mutation.
You passively map a small area around you.
Your system is resistant to poisons. (rPois)
You are covered in fur. (AC +1)


Message History

Jorgrun points at you and mumbles some strange words.
Roots burst forth from the earth!
The grasping roots grab you!
* * * LOW HITPOINT WARNING * * *
The grasping roots constrict you!
Found 28 stones.
Okay, then.
Unknown command.
Press: ? - help, Shift-Dir - straight line, f - Jorgrun
Aim: Jorgrun, wielding a staff of earth and wearing a +0 robe You exhale a blast of scalding steam.
The roots lose their grip on you.
As you read the scroll of teleportation, it crumbles to dust.
You feel strangely unstable.
You hear a grinding noise.
An electric eel comes into view.
Jorgrun is engulfed in a cloud of scalding steam.
Jorgrun casts a spell past you.
The wall shatters!
The blast of rock fragments hits you!!
You die...
Xom titters!

.......W........#
..........[.....# * , *
.........p.......
...†...........#####,
####........####...#,*
#.......(# #...# * ,
##........# #...#,# , ,
##≈≈≈≈≈≈≈≈.####...#.#
##≈≈≈≈≈≈≈≈≈≈....@....#,
#≈≈≈######≈≈≈........#
*
≈≈≈##....##≈≈≈.......#
*
≈≈##......##≈≈.#§....#
* ≈≈#.p#
+#..#≈≈..g..### , ,
≈≈#p.# *.C#≈≈..§....
+...., , , ≈≈#..#
*..#≈≈##g######.... ,
≈≈#..# ..#≈≈ .. #....,
, ≈≈##... .##≈; .(,
,*#.... , ,


You could see Jorgrun and a cyclops.

Vanquished Creatures
  Kirke (Lair:4)
  2 orc warlords
  A reaper (IceCv)
  2 stone giants (Orc:1)
  A dire elephant (Lair:6)
  Snorg (Lair:5)
  Erolcha (D:10)
  8 hydras
  Fannar (D:12)
  A centaur warrior (D:13)
  2 catoblepae (Lair:6)
  Erica (D:10)
  A deep troll shaman (Lair:6)
  4 two-headed ogres
  6 death yaks
  An orc high priest (Orc:2)
  A sea snake (Lair:4)
  2 wizards (D:13)
  3 orc knights (Orc:2)
  3 cyclopes
  4 ugly things
  A deep elf mage (D:13)
  4 manticores
  2 orc sorcerers (Orc:2)
  2 oklob plants (Lair:5)
  4 elephants (Lair:6)
  2 ice statues (IceCv)
  2 black mambas (Lair:6)
  9 cane toads
  A rime drake (Lair:5)
  An efreet (D:13)
  A freezing wraith (D:14)
  10 komodo dragons
  7 ice devils (IceCv)
  2 merfolk (Lair:4)
  3 trolls
  A jumping spider (Orc:2)
  A hornet (D:13)
  4 polar bears
  9 blink frogs
  3 slime creatures (D:12)
  7 dream sheep
  11 hippogriffs
  3 wyverns
  41 yaks
  4 wraiths
  5 hogs
  19 humans (D:13)
  Grum (D:8)
  3 nagas (Lair:3)
  2 wargs
  An acid dragon (D:11)
  A swamp worm (D:11)
  A soldier ant (shapeshifter) (D:13)
  11 water moccasins
  A soldier ant (D:12)
  9 porcupines
  7 black bears
  30 orc warriors
  11 ice beasts
  4 boggarts (D:14)
  2 eyes of draining
  10 ogres
  19 wolves
  13 centaurs
  10 crocodiles
  Blork the orc (Orc:2)
  A big kobold (D:8)
  A wyvern zombie (D:6)
  22 bullfrogs
  2 scorpions (D:13)
  10 killer bees (D:12)
  13 wights
  5 howler monkeys
  3 electric eels
  2 quasits (D:9)
  A centaur zombie (D:9)
  9 hounds
  7 jellies
  15 orc priests
  A bullfrog skeleton (D:10)
  2 centaur skeletons
  3 iguanas
  11 worker ants
  30 orc wizards
  A hound zombie (D:11)
  A hound skeleton (D:6)
  A howler monkey zombie (D:11)
  3 worker ant zombies
  3 gnolls (D:3)
  12 adders
  12 white imps
  13 ufetubi
  An ooze (D:4)
  A worm (D:2)
  3 dart slugs
  2 leopard geckos (D:1)
  58 orcs
  8 giant cockroaches
  16 goblins
  12 hobgoblins
  9 jackals
  4 quokkas
  9 bats
  4 frilled lizards
  2 jackal skeletons
  15 kobolds
  A leopard gecko skeleton (D:4)
  A quokka skeleton (D:4)
  3 rats
676 creatures vanquished.

Vanquished Creatures (collateral kills)
  An emperor scorpion (D:12)
  Josephine (Lair:6)
  2 vault guards (D:13)
  A black mamba (Lair:2)
  Maurice (D:10)
  A troll (D:13)
  3 polar bears (D:12)
  2 blink frogs (Lair:6)
  A wraith (Lair:6)
  2 yaks
  A warg (Orc:1)
  A porcupine (Lair:5)
  A black bear (D:12)
  A centaur (D:5)
  3 wights (D:14)
  An orc priest (Orc:2)
  An orc wizard (Orc:1)
  2 ufetubi (IceCv)
  An orc (Orc:1)
27 creatures vanquished.

Vanquished Creatures (others)
  A dancing weapon (Orc:1)
  A wolf spider (D:14)
  A water moccasin (Lair:4)
  A jelly (D:8)
  2 white imps (IceCv)
  2 ufetubi (IceCv)
  A kobold (D:8)
  56 fungi
  63 plants
128 creatures vanquished.

Grand Total: 831 creatures vanquished

Notes
Turn   | Place    | Note
-------+----------+-------------------------------------------
     0 | D:1      | Inarius the Draconian Chaos Knight began the quest for the
                  | Orb.
     0 | D:1      | Reached XP level 1. HP: 19/19 MP: 1/1
     6 | D:1      | Noticed a rime drake
     6 | D:1      | Noticed a komodo dragon
     6 | D:1      | Noticed a redback
     6 | D:1      | Noticed a black bear
    35 | D:1      | You fall into a shaft and drop 1 floor!
    47 | D:2      | Reached XP level 2. HP: 23/26 MP: 2/2
   142 | D:2      | XOM: divination: detect creatures
   228 | D:2      | XOM: silly message
   249 | D:1      | Reached XP level 3. HP: 30/33 MP: 3/3
   285 | D:1      | XOM: divination: detect creatures
   360 | D:1      | Reached skill level 4 in Axes
   834 | D:2      | Reached XP level 4. HP: 27/40 MP: 4/4
   939 | D:2      | XOM: silly message
  1195 | D:2      | XOM: cloud trail
  1387 | D:2      | XOM: cloud trail
  1770 | D:3      | XOM is BORED!
  1770 | D:3      | XOM: 3-stop teleportation journey
  1925 | D:3      | Found a bloodstained altar of Trog.
  1927 | D:3      | Reached skill level 5 in Axes
  2019 | D:3      | Reached XP level 5. HP: 40/46 MP: 5/5
  2026 | D:3      | XOM: 3-stop teleportation journey
  2030 | D:3      | XOM: scenery: 1 doors open
  2050 | D:3      | Reached skill level 1 in Evocations
  2106 | D:3      | XOM: noise
  2201 | D:3      | Found a basalt altar of Yredelemnul.
  2744 | D:4      | Noticed an ogre
  2753 | D:4      | Killed an ogre
  2753 | D:4      | Reached XP level 6. HP: 19/52 MP: 6/6
  3021 | D:4      | Found a stormy altar of Qazlal.
  3021 | D:4      | Found a shimmering blue altar of Sif Muna.
  3043 | D:4      | XOM is BORED!
  3105 | D:4      | Found a burning altar of Makhleb.
  3269 | D:4      | XOM: give mutation
  3269 | D:4      | Gained mutation: You are clumsy. (Dex -2) [Xom's mischief]
  3308 | D:4      | Found a glowing silver altar of Zin.
  3329 | D:4      | Reached skill level 6 in Axes
  3375 | D:4      | Found an ornate altar of the Wu Jian Council.
  3386 | D:4      | XOM: 4-stop teleportation journey
  3582 | D:4      | Found a blossoming altar of Fedhas.
  3836 | D:5      | Entered Level 5 of the Dungeon
  3841 | D:5      | XOM: enchant monster (good)
  4094 | D:5      | Your scales start taking on a pale cyan-grey colour.
  4094 | D:5      | Reached XP level 7. HP: 60/60 MP: 7/7
  4212 | D:5      | Found a sparkling altar of Nemelex Xobeh.
  4238 | D:5      | Reached skill level 7 in Axes
  4238 | D:5      | Reached skill level 1 in Shields
  4241 | D:5      | XOM: cast spell 'Summon Horrible Things'
  4333 | D:5      | XOM: god gift: 42 gold pieces
  4413 | D:6      | Found a staircase to the Ecumenical Temple.
  4471 | D:6      | Found a glowing golden altar of the Shining One.
  4557 | D:6      | Found a sparkling altar of Nemelex Xobeh.
  4601 | D:6      | Found an ancient bone altar of Kikubaaqudgha.
  4606 | D:6      | Reached skill level 8 in Axes
  4606 | D:6      | Reached XP level 8. HP: 67/67 MP: 8/8
  4655 | D:6      | XOM: smoke on damage
  5004 | D:6      | XOM: smoke on damage
  5556 | D:7      | XOM: divination: magic mapping
  5643 | D:7      | Reached skill level 5 in Fighting
  5700 | D:7      | XOM: confuse monster(s)
  5702 | D:7      | Reached skill level 9 in Axes
  5720 | D:7      | XOM is BORED!
  5720 | D:7      | XOM: summons 5 hostile demons
  5721 | D:7      | Noticed a rust devil
  5887 | D:7      | Noticed a hippogriff
  5899 | D:7      | Killed a hippogriff
  5954 | D:7      | Reached XP level 9. HP: 41/74 MP: 9/9
  6261 | D:7      | Reached skill level 10 in Axes
  6302 | D:7      | Found a sparkling altar of Nemelex Xobeh.
  6661 | D:8      | XOM: cast spell 'Metabolic Englaciation'
  6678 | D:8      | XOM: god gift: bubbling green potion {god gift}
  6755 | D:8      | Found a radiant altar of Vehumet.
  6959 | D:8      | XOM: god gift: plate armour {god gift}
  7032 | D:8      | XOM: cast spell 'Statue Form'
  7044 | D:8      | Noticed Grum
  7044 | D:8      | XOM: confuse monster(s)
  7046 | D:8      | XOM: smoke on damage
  7050 | D:8      | Killed Grum
  7050 | D:8      | Reached skill level 5 in Evocations
  7220 | D:8      | Noticed a two-headed ogre
  7230 | D:8      | Killed a two-headed ogre
  7230 | D:8      | Reached skill level 11 in Axes
  7239 | D:8      | Found Maate's Gadget Shop.
  7247 | D:8      | Bought a wand of disintegration (10) for 210 gold pieces
  7363 | D:8      | XOM: give mutations
  7363 | D:8      | Gained mutation: Your large and strong wings let you fly
                  | indefinitely. [Xom's grace]
  7363 | D:8      | Gained mutation: Your flesh is cold resistant. (rC+) [Xom's
                  | grace]
  7382 | D:8      | XOM: confuse monster(s)
  7395 | D:8      | XOM: confuse monster(s)
  7595 | D:8      | XOM: give mutations
  7595 | D:8      | Gained mutation: Your magical capacity is low. (-10% MP)
                  | [Xom's mischief]
  7595 | D:8      | Lost mutation: Your flesh is cold resistant. (rC+) [Xom's
                  | mischief]
  7784 | D:9      | XOM: chaos upgrade
  7823 | D:9      | Reached XP level 10. HP: 83/83 MP: 9/9
  7850 | D:9      | Found a hazy altar of Hepliaklqana.
  8451 | D:10     | Entered Level 10 of the Dungeon
  8523 | D:10     | Identified a scroll of acquirement
  8524 | D:10     | Acquired the ring of Unuth {EV+4 Dex+6 SInv}
  8631 | D:10     | Reached skill level 5 in Dodging
  8638 | D:10     | Noticed a two-headed ogre
  8648 | D:10     | Killed a two-headed ogre
  8648 | D:10     | Reached skill level 12 in Axes
  8649 | D:10     | Found a staircase to the Lair.
  8864 | D:10     | Noticed Erica
  8868 | D:10     | Noticed a cyclops
  8875 | D:10     | Killed Erica
  8875 | D:10     | XOM: blink monster(s)
  8878 | D:10     | Killed a cyclops
  9112 | D:10     | XOM: give mutations
  9112 | D:10     | Lost mutation: Your magical capacity is low. (-10% MP)
                  | [Xom's mischief]
  9112 | D:10     | Lost mutation: You are clumsy. (Dex -2) [Xom's mischief]
  9201 | D:10     | XOM: 4-stop teleportation journey
  9202 | D:10     | Noticed Erolcha
  9208 | D:10     | Killed Erolcha
  9208 | D:10     | Reached skill level 5 in Shields
  9208 | D:10     | Reached XP level 11. HP: 85/91 MP: 11/11
  9287 | D:10     | Noticed Maurice
  9311 | D:10     | XOM: summons 9 friendly demons
  9315 | D:10     | Killed Maurice
  9549 | D:10     | Found Arut's Gadget Boutique.
  9652 | D:10     | Reached skill level 13 in Axes
  9778 | D:11     | Noticed a two-headed ogre
  9778 | D:11     | a two-headed ogre changed into a swamp worm
  9778 | D:11     | XOM: polymorph two-headed ogre -> swamp worm
  9963 | D:11     | Found Axtew's Jewellery Shop.
  9970 | D:11     | Bought the ring of Untruth {rF+ MR+ Stlth-} for 379 gold
                  | pieces
 10338 | D:11     | XOM: scenery: 1 doors open, 1 doors close
 10473 | Lair:1   | Entered Level 1 of the Lair of Beasts
 10584 | Lair:1   | XOM is BORED!
 10584 | Lair:1   | XOM: give mutation
 10584 | Lair:1   | Gained mutation: Your system is resistant to poisons.
                  | (rPois) [Xom's mischief]
 10661 | Lair:1   | XOM: destruction
 10718 | Lair:1   | XOM: give mutations
 10718 | Lair:1   | Gained mutation: You have large cloven feet. [Xom's grace]
 10718 | Lair:1   | Gained mutation: Your skin changes colour to match your
                  | surroundings (Stealth+). [Xom's grace]
 10718 | Lair:1   | Gained mutation: You are agile. (Dex +2) [Xom's grace]
 10752 | Lair:1   | XOM: 2-stop teleportation journey
 10960 | Lair:1   | XOM: cleaving
 11099 | Lair:1   | XOM: scenery: summon butterflies
 11198 | Lair:1   | You are sucked into a shaft and drop 1 floor!
 11200 | Lair:2   | XOM: summons 11 friendly demons
 11232 | Lair:2   | Reached skill level 14 in Axes
 11395 | Lair:2   | XOM: cleaving
 11400 | Lair:2   | XOM: enchant monster (good)
 11760 | Lair:2   | Reached XP level 12. HP: 100/100 MP: 12/12
 12359 | Lair:3   | Noticed an eight-headed hydra
 12363 | Lair:3   | Killed an eight-headed hydra
 12367 | Lair:3   | Noticed a seven-headed hydra
 12370 | Lair:3   | Killed a seven-headed hydra
 12844 | Lair:3   | Found a staircase to the Snake Pit.
 13014 | Lair:3   | XOM: scenery: 1 doors close
 13308 | Lair:4   | Noticed Kirke
 13314 | Lair:4   | Reached skill level 15 in Axes
 13318 | Lair:4   | XOM: enchant monster (good)
 13320 | Lair:4   | XOM: enchant monster (good)
 13325 | Lair:4   | XOM: confusion (+ monsters)
 13332 | Lair:4   | Killed Kirke
 13335 | Lair:4   | XOM: cleaving
 13470 | Lair:4   | Noticed Urug
 13471 | Lair:4   | Noticed Urug
 13471 | Lair:4   | Urug changed into Urug the merfolk
 13476 | Lair:4   | Noticed Urug
 13476 | Lair:4   | Urug the merfolk changed into Urug the snapping turtle
 13480 | Lair:4   | Noticed Urug
 13480 | Lair:4   | Urug the snapping turtle changed into Urug the sea snake
 13480 | Lair:4   | XOM: polymorph Urug the snapping turtle -> Urug the sea
                  | snake
 13484 | Lair:4   | Killed Urug the sea snake
 13604 | Lair:4   | XOM: god gift: 1208 gold pieces
 13647 | Lair:4   | XOM: god gift: robe {god gift}
 13776 | D:11     | Bought the ring "Ruid" {rPois rF++ rC+++ MP+9 Int-5} for
                  | 1230 gold pieces
 13780 | D:11     | XOM: god gift: scale mail {god gift}
 13946 | Lair:4   | Noticed a four-headed hydra
 13946 | Lair:4   | XOM: confuse monster(s)
 13952 | Lair:4   | Killed a four-headed hydra
 13952 | Lair:4   | XOM: 1-stop teleportation journey
 14111 | Lair:4   | Found a staircase to the Shoals.
 14346 | Lair:4   | XOM: enchant monster (good)
 14361 | Lair:4   | XOM: enchant monster (good)
 14576 | Lair:4   | Found a hide-covered altar of Uskayaw.
 14593 | Lair:4   | XOM: give mutation
 14593 | Lair:4   | Lost mutation: You are agile. (Dex +2) [Xom's mischief]
 14654 | Lair:5   | XOM: summons 3 friendly demons
 14718 | Lair:5   | Noticed Snorg
 14723 | Lair:5   | XOM: cleaving
 14727 | Lair:5   | Killed Snorg
 14727 | Lair:5   | Reached skill level 16 in Axes
 14988 | Lair:5   | Noticed an eight-headed hydra
 14998 | Lair:5   | Killed a nine-headed hydra
 14998 | Lair:5   | Reached XP level 13. HP: 31/108 MP: 13/13
 15792 | Lair:5   | XOM: give mutations
 15792 | Lair:5   | Gained mutation: Your flesh is heat resistant. (rF+) [Xom's
                  | grace]
 15792 | Lair:5   | Gained mutation: You are resistant to hostile enchantments.
                  | (MR+) [Xom's grace]
 15792 | Lair:5   | Gained mutation: You are covered in fur. (AC +1) [Xom's
                  | grace]
 15792 | Lair:5   | Gained mutation: You have supernaturally acute eyesight.
                  | (SInv) [Xom's grace]
 15796 | Lair:5   | Got a pair of dazzling boots
 15809 | Lair:5   | Identified the cursed -5 pair of boots "Zauv" {Slay+4
                  | Stlth+} (You found it on level 5 of the Lair of Beasts)
 16102 | Lair:6   | Entered Level 6 of the Lair of Beasts
 16147 | Lair:6   | XOM: confuse monster(s)
 16205 | Lair:6   | XOM: summons 7 hostile demons
 16215 | Lair:6   | XOM: summons 3 friendly demons
 16216 | Lair:6   | XOM: blink monster(s)
 16220 | Lair:6   | Found a viscous altar of Jiyva.
 16220 | Lair:6   | Found a staircase to the Slime Pits.
 16220 | Lair:6   | XOM: 3-stop teleportation journey
 16227 | Lair:6   | Noticed Josephine
 16239 | Lair:6   | XOM: summons 7 friendly demons
 16244 | Lair:6   | Killed Josephine
 16244 | Lair:6   | Reached skill level 10 in Evocations
 16294 | Lair:6   | XOM: blink monster(s)
 16566 | Lair:6   | XOM: give mutations
 16566 | Lair:6   | Gained mutation: Your magical capacity is low. (-10% MP)
                  | [Xom's mischief]
 16566 | Lair:6   | Gained mutation: You are robust. (+10% HP) [Xom's mischief]
 16872 | Lair:6   | XOM: polymorph komodo dragon -> manticore
 16876 | Lair:6   | Reached skill level 17 in Axes
 17178 | Lair:6   | XOM: cast spell 'Olgreb's Toxic Radiance'
 17222 | Lair:6   | XOM: summons friendly white imp
 17243 | Lair:6   | XOM: enchant monster (good)
 17251 | Lair:6   | XOM: enchant monster (good)
 17257 | Lair:6   | XOM: summons friendly crimson imp
 17261 | Lair:6   | XOM: summons 2 friendly demons
 17268 | Lair:6   | Reached skill level 10 in Fighting
 17721 | Lair:6   | Noticed a dire elephant
 17742 | Lair:6   | Killed a dire elephant
 17742 | Lair:6   | Reached XP level 14. HP: 24/133 MP: 12/12
 18132 | Lair:6   | Got a transparent demon trident
 18133 | Lair:6   | Identified the +1 demon trident "Xusiylaf" {vorpal, rElec
                  | rPois Str-3 Dex+3} (You found it on level 6 of the Lair of
                  | Beasts)
 18346 | Lair:6   | XOM: divination: detect creatures
 18664 | D:12     | Found a frozen archway.
 18703 | IceCv    | Entered an ice cave
 18793 | IceCv    | XOM: silly message
 19041 | IceCv    | XOM: enchant monster (good)
 19219 | IceCv    | XOM: blink monster(s)
 19260 | IceCv    | XOM: fake destruction
 19383 | IceCv    | Noticed a reaper
 19388 | IceCv    | XOM: cloud trail
 19398 | IceCv    | Killed a reaper
 19623 | IceCv    | XOM: give mutations
 19623 | IceCv    | Lost mutation: You are robust. (+10% HP) [Xom's mischief]
 19623 | IceCv    | Lost mutation: You have supernaturally acute eyesight.
                  | (SInv) [Xom's mischief]
 19776 | D:12     | XOM: 1-stop teleportation journey
 19782 | D:12     | Found a staircase to the Orcish Mines.
 20222 | D:12     | Noticed an emperor scorpion
 20222 | D:12     | a five-headed hydra changed into an emperor scorpion
 20227 | D:12     | XOM: 6-stop teleportation journey
 20234 | D:12     | XOM: give mutation
 20234 | D:12     | Gained mutation: You tend to lose your temper in combat.
                  | [Xom's mischief]
 20278 | D:12     | Found a huge runed translucent gate.
 20278 | D:12     | Found a huge runed translucent gate.
 20278 | D:12     | Found a huge runed translucent gate.
 20279 | D:12     | Found a huge runed translucent gate.
 20377 | D:12     | Noticed Fannar
 20398 | D:12     | Killed Fannar
 20528 | D:12     | XOM: swap monsters
 20543 | D:12     | XOM: smoke on damage
 20551 | D:12     | Killed an emperor scorpion
 20632 | Orc:1    | Entered Level 1 of the Orcish Mines
 20714 | D:12     | XOM: cloud trail
 21070 | Orc:1    | Noticed a stone giant
 21081 | Orc:1    | Killed a stone giant
 21121 | Orc:1    | Noticed an orc warlord
 21134 | Orc:1    | XOM: blink monster(s)
 21137 | Orc:1    | Reached skill level 10 in Shields
 21137 | Orc:1    | Noticed a stone giant
 21156 | Orc:1    | Killed a stone giant
 21157 | Orc:1    | XOM: summons 14 friendly demons
 21166 | Orc:1    | Killed an orc warlord
 21332 | Orc:1    | XOM: god gift: 8 boomerangs
 21548 | Orc:1    | XOM: 1-stop teleportation journey
 21816 | Orc:2    | Entered Level 2 of the Orcish Mines
 21959 | Orc:2    | XOM: summons 2 hostile demons
 22081 | Orc:2    | Found a staircase to the Elven Halls.
 22118 | Orc:2    | XOM: god gift: 1021 gold pieces
 22216 | Orc:2    | XOM: summons 2 friendly demons
 22240 | Orc:2    | XOM: fog
 22366 | Orc:1    | XOM: scenery: create altars
 22553 | Orc:2    | Reached skill level 18 in Axes
 22701 | Orc:2    | XOM: polymorph orc sorcerer -> jumping spider
 22767 | Orc:2    | Noticed Blork the orc
 22779 | Orc:2    | Killed Blork the orc
 22897 | Orc:2    | Noticed an orc warlord
 22911 | Orc:2    | XOM: divination: detect items
 22922 | Orc:2    | XOM: divination: magic mapping
 22923 | Orc:2    | XOM: cast spell 'Death Channel'
 22930 | Orc:2    | XOM: summons friendly white imp
 23072 | Orc:1    | XOM: noise
 23129 | Orc:1    | XOM: god gift: 841 gold pieces
 23155 | Orc:1    | XOM: god gift: scroll of fear
 23206 | Orc:1    | XOM: cloud trail
 23317 | Orc:2    | XOM: potion effect (curing)
 23327 | Orc:2    | Killed an orc warlord
 23372 | Orc:2    | XOM: fake destruction
 23520 | Orc:2    | XOM: confusion (+ monsters)
 23547 | Orc:2    | XOM: confuse monster(s)
 23731 | Orc:2    | Found a roughly hewn altar of Beogh.
 23733 | Orc:2    | Found Efioguid's Book Shop.
 23741 | Orc:2    | XOM is BORED!
 23779 | Orc:2    | Found Xaakaid's General Store.
 23794 | Orc:2    | Found Seiraz's Antique Weapon Shop.
 23884 | Orc:2    | Found Simey's Antique Armour Shop.
 23987 | Orc:1    | XOM: scenery: create altars
 24031 | D:12     | XOM: confuse monster(s)
 24067 | D:12     | XOM: cast spell 'Summon Horrible Things'
 24444 | D:13     | XOM: scenery: create altars
 24454 | D:13     | XOM: 3-stop teleportation journey
 24707 | D:13     | Reached XP level 15. HP: 130/130 MP: 13/13
 24882 | D:13     | XOM: enchant monster (good)
 25000 | D:13     | XOM: divination: magic mapping
 25109 | D:13     | XOM: potion effect (brilliance)
 25110 | D:13     | XOM: smoke on damage
 25132 | D:13     | XOM: cleaving
 25213 | D:13     | XOM: cloud trail
 25429 | D:13     | XOM: god gift: halberd {god gift}
 25435 | D:13     | XOM: give mutations
 25435 | D:13     | Gained mutation: You passively map a small area around you.
                  | [Xom's grace]
 25435 | D:13     | Gained mutation: You have hoof-like feet. [Xom's grace]
 25435 | D:13     | Gained mutation: You are somewhat resistant to further
                  | mutation. [Xom's grace]
 25635 | D:13     | XOM: summons friendly white imp
 25936 | D:13     | XOM: fog
 26107 | D:13     | Found a gate to the Vaults.
 26110 | D:13     | XOM: cast spell 'Summon Horrible Things'
 26532 | D:14     | XOM: 1-stop teleportation journey
 26611 | D:14     | XOM: scenery: 1 doors close
 26623 | D:14     | Noticed Jorgrun
 26627 | D:14     | Killed from afar by Jorgrun

Illustrated notes

Levels and vault maps discovered:
D:1:      onia_arrival_zoo_common, layout_basic, minmay_3d_cube
D:2:      layout_loops_ring, st_stairs_6, minmay_split_cup_small
D:3:      layout_basic, nicolae_overflow_crystal_walls,
          nicolae_overflow_hidden_temple, guppyfry_early_orc_mine
D:4:      layout_gridville, fedhas_altar_1, zin_academy, kennysheep_mini_moat,
          grunt_temple_overflow_open
D:5:      layout_basic, nemelex_spade_bored_becter
D:6:      layout_cave_pools, chequers_temple_overflow_statue_of_worship,
          minmay_temple_entry_overgrown, basic_altar, roderic_lattice_a
D:7:      layout_basic, nemelex_lonely_heart_becter
D:8:      layout_basic, fiery_altar_vehumet, serial_shops, shop, uniq_grum
D:9:      layout_cave_pods, lemuel_round_altar
D:10:     layout_roguey, grunt_lair_entry_orc_guard_hut, serial_shops, shop,
          minmay_fractal_squares_gapless_5, uniq_erolcha, uniq_erica,
          uniq_maurice
D:11:     minmay_angry_zag, layout_basic, serial_shops, shop
D:12:     lemuel_bear_cage, layout_basic, orc_0_dummy, serial_ice, serial_ice_d,
          serial_ice_e, serial_ice_f, serial_ice_a,
          portal_ice_cave_entry_ice_beasts, uniq_fannar
D:13:     layout_loops_corners, grunt_vaults_entry_tiered,
          chequers_serial_rivers_micro_e, minmay_more_statues
D:14:     layout_basic, basic_altar, serial_bayou_pond_a,
          minmay_misc_feat_alley, kennysheep_island_fort, uniq_jorgrun
Lair:1:   layout_cave_pods
Lair:2:   layout_loops_ring, serial_bayou_shore_a
Lair:3:   layout_roguey, guppyfry_snake_entry_garden
Lair:4:   layout_regular_city, elwin_shoals_entry_rooms, basic_altar,
          beast_lair_carwin_10, uniq_kirke, uniq_urug
Lair:5:   layout_cave_shapes, minmay_lair_oklob_chamber, grunt_megastairs_5,
          serial_bayou_shore_b, uniq_snorg
Lair:6:   grunt_lair_end_beastmaster, layout_loops_ring, slime_altar_1,
          lookout_lair_type, uniq_josephine
Orc:1:    layout_caves
Orc:2:    grunt_orc_cross, layout_caves

Skill      XL: |  1  2  3  4  5  6  7  8  9 10 11 12 13 14 15 |
---------------+----------------------------------------------+-----
Axes           | 4 5 6 8 9 11 12 14 16 17 18 | 18.5
Fighting       | 4 5 6 7 8 10 11 12 | 12.0
Evocations     | 1 2 3 4 5 7 8 9 10 11 | 11.7
Dodging        | 3 4 5 |  5.8
Shields        | 1 2 3 5 6 7 9 10 11 | 11.3

Action                   |  1- 3 |  4- 6 |  7- 9 | 10-12 | 13-15 || total
-------------------------+-------+-------+-------+-------+-------++-------
Melee: Hand axe          |    21 |       |       |       |       ||    21
       War axe           |    56 |   141 |   222 |   517 |  1129 ||  2065
       Tailslap          |     5 |    18 |    21 |    90 |   177 ||   311
 Abil: Breathe Steam     |       |       |     2 |       |     5 ||     7
       Fly               |       |       |     1 |       |       ||     1
Evoke: Wand              |       |     3 |     3 |    26 |    20 ||    52
       Box of beasts     |       |       |       |     1 |     1 ||     2
       Lightning rod     |       |       |       |       |     2 ||     2
       Condenser vane    |       |       |       |       |     2 ||     2
  Use: Scroll            |       |     9 |     9 |     7 |    10 ||    35
       Potion            |       |       |       |     1 |     5 ||     6
 Stab: Sleeping          |       |     2 |       |     6 |     2 ||    10
       Paralysed         |       |       |    13 |     4 |     4 ||    21
       Confused          |       |       |     1 |     2 |     3 ||     6
       Petrified         |       |       |       |     5 |    15 ||    20
       Distracted        |       |       |       |     2 |     1 ||     3
       Petrifying        |       |       |       |     2 |     1 ||     3
Armor: Skin              |    29 |    38 |    50 |    69 |   189 ||   375
Dodge: Dodged            |    66 |    73 |    96 |   218 |   304 ||   757
Block: Kite shield       |       |    27 |   117 |   334 |   724 ||  1202
       Reflection        |       |       |     3 |     8 |    21 ||    32

Table legend: (Time is in decaauts)
 A = Elapsed time spent in this place.
 B = Non-inter-level travel time spent in this place.
 C = Inter-level travel time spent in this place.
 D = Time resting spent in this place.
 E = Time spent auto-exploring this place.
 F = Levels seen in this place.
 G = Mean time per level.
                   A        B        C        D        E       F      G
               +--------+--------+--------+--------+--------+-----+--------+
         Total |  26501 |  25407 |   1094 |   5241 |  15512 |  23 | 1152.2 |
       Dungeon |  14615 |  14000 |    615 |   2063 |   9424 |  14 | 1043.9 |
          Lair |   7907 |   7499 |    408 |   1378 |   5064 |   6 | 1317.8 |
  Orcish Mines |   3084 |   3014 |     70 |   1266 |   1013 |   2 | 1542.0 |
      Ice Cave |    894 |    894 |      0 |    533 |     11 |   1 |  894.0 |
               +--------+--------+--------+--------+--------+-----+--------+

Top non-repeatable levels by time:
  Lair:6: 2377 daAuts
    D:13: 1833 daAuts
    D:12: 1706 daAuts
   Orc:1: 1598 daAuts
   Orc:2: 1485 daAuts
  Lair:5: 1437 daAuts
    D:10: 1393 daAuts
     D:3: 1266 daAuts
     D:6: 1199 daAuts
  Lair:4: 1177 daAuts
     D:4: 1142 daAuts
  Lair:2: 1133 daAuts
     D:7: 1068 daAuts
  Lair:3: 1033 daAuts
     D:8: 1030 daAuts
